 Dungeon Crawl Stone Soup version 0.31-a0-1616-gbeaec30b81 (webtiles) character file.

Game seed: 9957686043527750080

512 Inarius the Chopper (level 7, -1/48 HPs)
             Began as an Octopode Fighter on Jan 10, 2024.
             Killed from afar by an orc wizard (4 damage)
             ... with a puff of flame
             ... on level 3 of the Dungeon.
             The game lasted 00:03:35 (2963 turns).

Inarius the Chopper (Octopode Fighter)              Turns: 2963, Time: 00:03:35

Health: -1/48      AC:  1    Str: 17    XL:     7   Next: 19%
Magic:  7/7        EV: 13    Int: 11    God:
Gold:   169        SH:  0    Dex: 11    Spells: 6/6 levels left

rFire   . . .        a - +0 war axe
rCold   + . .        b - +0 buckler
rNeg    . . .        (helmet restricted)
rPois   .            (no amulet)
rElec   .            k - ring of protection from cold
rCorr   .            (no ring)
SInv    .            (no ring)
Will    +....        (no ring)
Stlth   ++           (no ring)
HPRegen 0.28/turn    (no ring)
MPRegen 0.10/turn    (no ring)
                     (no ring)

%: no passive effects
@: confused, enlightened, flying
A: almost no armour, amphibious, 8 rings, camouflage 1, gelatinous body 1,
(nimble swimmer 1), tentacles
a: no special abilities


You were on level 3 of the Dungeon.
You visited 1 branch of the dungeon, and saw 3 of its levels.
You also visited: Sewer.

You collected 169 gold pieces.

Inventory:

Hand Weapons
 a - a +0 war axe (weapon)
Missiles
 f - a throwing net (quivered)
Armour
 b - a +0 buckler (worn)
Jewellery
 k - a ring of protection from cold (left tentacle)
Wands
 c - a wand of flame (2)
Scrolls
 e - a scroll of vulnerability
 g - a scroll of fog {unknown}
 h - a scroll of noise
 i - 2 scrolls of immolation
 j - a scroll of butterflies
 l - a scroll of poison {unknown}
Potions
 d - a potion of enlightenment


   Skills:
 + Level 4.1 Fighting
 + Level 4.9 Axes
 + Level 4.2 Dodging
 + Level 3.8 Stealth
 + Level 4.0 Shields
 + Level 0.2 Evocations


You had 6 spell levels left.
You didn't know any spells.
Your spell library contained the following spells:

 Spells                   Type           Power      Damage    Failure   Level
 Blink                    Tloc           0%         N/A       56%         2
 Lesser Beckoning         Tloc           0%         N/A       56%         2
 Momentum Strike          Conj/Tloc      0%         3d8       56%         2
 Gell's Gravitas          Tloc           0%         N/A       80%         3
 Teleport Other           Tloc           0%         N/A       80%         3


Dungeon Overview and Level Annotations

Branches:
Dungeon (3/15)              Sewer (visited)

Altars:


Innate Abilities, Weirdness & Mutations

You cannot wear most types of armour.
You are amphibious.
You can wear up to eight rings at the same time.
Your skin changes colour to match your surroundings (Stealth+).
Your rubbery body absorbs attacks. (AC +1, EV +1)
((You are camouflaged when in or above water. (Stealth+)))
You have tentacles for arms and can constrict up to eight enemies at once.


Message History

You closely miss something. Your squeeze misses something.
The dart slug launches a dart at you. The slug dart misses you.
Something hits you.
You hit something. You block something's attack.
You miss something. You block something's attack.
You closely miss something. You squeeze something. Something hits you. x2
You closely miss something. Something hits you.
The dart slug launches a dart at you.
The slug dart hits something.
You closely miss something. You squeeze something. Something hits you.
* * * LOW HITPOINT WARNING * * *
You closely miss something. Something hits you.
* * * LOW HITPOINT WARNING * * *
Something hits you.
* * * LOW HITPOINT WARNING * * *
You barely miss something. You squeeze something.
Reactivating autopickup.
You feel a bit more experienced.
You slash the dart slug!
You kill the dart slug!
An orc wizard appears from thin air!
The orc wizard points at you and mumbles some strange words.
You are confused.
Unknown command.
It was a potion of enlightenment.
You feel very buoyant.
You fly up into the air.
You slash the orc wizard! You squeeze the orc wizard.
The orc wizard is almost dead.
The orc wizard hits you with a +0 dagger.
* * * LOW HITPOINT WARNING * * *
You bump into the rock wall.
The orc wizard gestures at you while chanting.
The magic dart hits you.
* * * LOW HITPOINT WARNING * * *
You bump into the rock wall.
The orc wizard closely misses you.
You bump into the rock wall.
The orc wizard casts a spell at you. The puff of flame hits you.
You die...

#######.#.##.......#
#.......#.########.#
#.#####.#.# #.# #.#
#.#.########.### ..#
#.#..†.........#
#######.##########.#.#
........#........#...#
.########.######.#####
..# #.# #@# ..# #.#
#o# .># #.# #.# .##
#.# #.# .########.#
#.# ..........# #.#
.########## #.#
.......# #.#
######+#### #.#


You could see an orc wizard.

Vanquished Creatures
  An ice beast (D:3)
  2 bullfrogs (Sewer)
  Crazy Yiuf (D:2)
  Terence (D:2)
  Natasha (D:2)
  An orc wizard (D:3)
  2 river rats (D:3)
  6 adders
  A ribbon worm (D:2)
  11 dart slugs
  3 orcs (D:3)
  11 ball pythons
  4 endoplasms (D:1)
  16 giant cockroaches
  5 goblins
  7 hobgoblins
  2 jackals (D:2)
  2 kobolds
  3 quokkas
  4 bats
  15 frilled lizards
  4 rats
103 creatures vanquished.

Notes
Turn   | Place    | Note
-------+----------+-------------------------------------------
     0 | D:1      | Inarius the Octopode Fighter began the quest for the Orb.
     0 | D:1      | Reached XP level 1. HP: 16/16 MP: 1/1
   112 | D:1      | Reached XP level 2. HP: 21/21 MP: 2/2
   370 | D:1      | Found a faded altar of an unknown god.
   574 | D:1      | Reached XP level 3. HP: 26/26 MP: 3/3
   874 | D:2      | Reached skill level 1 in Stealth
  1017 | D:2      | Found a runed translucent door.
  1018 | D:2      | Noticed Crazy Yiuf
  1129 | D:2      | Noticed Terence
  1140 | D:2      | Killed Terence
  1141 | D:2      | Reached XP level 4. HP: 16/31 MP: 4/4
  1165 | D:2      | Noticed Natasha
  1171 | D:2      | Killed Natasha
  1620 | D:2      | Killed Crazy Yiuf
  1621 | D:2      | Reached XP level 5. HP: 20/37 MP: 1/5
  1819 | D:3      | Found a glowing drain.
  1922 | Sewer    | Entered a sewer
  2008 | Sewer    | Reached XP level 6. HP: 30/43 MP: 6/6
  2714 | D:3      | Noticed an ice beast
  2726 | D:3      | Killed an ice beast
  2727 | D:3      | Reached XP level 7. HP: 35/48 MP: 7/7
  2961 | D:3      | HP: 2/48 [orc wizard/magic dart (4)]
  2963 | D:3      | Killed from afar by an orc wizard

Illustrated notes

Levels and vault maps discovered:
D:1:      mainiacjoe_arrival_oval_in_oval, layout_loops_ring,
          shapermc_ecumenical_altar_mp_vishouse
D:2:      layout_loops_ring, minmay_misc_feat_plants, nrook_campfire,
          uniq_crazy_yiuf_cottage, uniq_natasha, uniq_terence
D:3:      layout_basic, portal_sewer_entry_a

Skill      XL: |  1  2  3  4  5  6  7 |
---------------+----------------------+-----
Stealth        | 1 2 3 |  3.8
Axes           | 3 4 |  4.9
Dodging        | 4 |  4.2
Fighting       | 4 |  4.1
Shields        | 4 |  4.0
Evocations     | |  0.2

Action                     |  1- 3 |  4- 6 |  7- 9 || total
---------------------------+-------+-------+-------++-------
  Melee: War axe           |    55 |   115 |    18 ||   188
         Constrict         |    16 |    31 |     1 ||    48
         Tentacles         |    11 |    23 |     5 ||    39
         Punch             |     1 |     2 |       ||     3
  Evoke: Wand              |       |     6 |       ||     6
    Use: Potion            |     1 |       |     1 ||     2
         Scroll            |       |     4 |       ||     4
   Stab: Sleeping          |     6 |     8 |       ||    14
 Armour: Skin              |    15 |    45 |    18 ||    78
  Dodge: Dodged            |    28 |    74 |     4 ||   106
  Block: Buckler           |    10 |    29 |     2 ||    41

Table legend: (Time is in decaauts)
 A = Elapsed time spent in this place.
 B = Non-inter-level travel time spent in this place.
 C = Inter-level travel time spent in this place.
 D = Time resting spent in this place.
 E = Time spent auto-exploring this place.
 F = Levels seen in this place.
 G = Mean time per level.
                   A        B        C        D        E       F      G
               +--------+--------+--------+--------+--------+-----+--------+
         Total |   3031 |   2963 |     68 |    333 |   1882 |   4 |  757.8 |
       Dungeon |   2626 |   2558 |     68 |    213 |   1805 |   3 |  875.3 |
         Sewer |    404 |    404 |      0 |    120 |     77 |   1 |  404.0 |
               +--------+--------+--------+--------+--------+-----+--------+

Top non-repeatable levels by time:
     D:2: 1034 daAuts
     D:3: 873 daAuts
     D:1: 718 daAuts
   Sewer: 404 daAuts
